TOP OF THE 1ST |
Oakland Oaks batting - Pitching for Houston Colt .45's : RHP Kurt Carr
|
Pitching: RHP Kurt Carr
|
|
Batting: LHB Bill Helmer
|
0-0: Ball 1-0: Ball 2-0: SINGLE (Line Drive, 6D, EV 104.4 MPH)
|
Batting: SHB Steve McGee
|
0-0: Ball 1-0: Ball 2-0: Called Strike 2-1: Fielders Choice at 2nd, 4-6 (Groundball, 34, EV 106.9 MPH)
|
Batting: LHB Justin LeFlore
|
0-0: Reached on error, E4 (Groundball, 4, EV 94.4 MPH) Steve McGee to second
|
Batting: SHB Chris King
|
0-0: Ball 1-0: Swinging Strike 1-1: Foul Ball, location: 2F 1-2: Foul Ball, location: 2F 1-2: Ball 2-2: Strikes out swinging
|
Batting: RHB Moises Guzman
|
0-0: Ball 1-0: Ball 2-0: Foul Ball, location: 2F 2-1: Swinging Strike 2-2: Strikes out swinging
|
Top of the 1st over - 0 runs, 1 hit, 1 error, 2 left on base; Oakland 0 - Houston 0 |
BOTTOM OF THE 1ST |
Houston Colt .45's batting - Pitching for Oakland Oaks : LHP Andre Bradley
|
Pitching: LHP Andre Bradley
|
|
Batting: RHB Ralph Baltimore
|
0-0: Foul Ball, location: 2F 0-1: Ball 1-1: Ground out 6-3 (Groundball, 6, EV 85.0 MPH)
|
Batting: RHB Jonathan Rausch
|
0-0: Ground out 5-3 (Groundball, 56S, EV 80.0 MPH)
|
Batting: LHB Vecdi Hodensack
|
0-0: Ground out U3 (Groundball, 3, EV 81.2 MPH)
|
Bottom of the 1st over - 0 runs, 0 hits, 0 errors, 0 left on base; Oakland 0 - Houston 0 |
TOP OF THE 2ND |
Oakland Oaks batting - Pitching for Houston Colt .45's : RHP Kurt Carr
|
Batting: RHB Kasey Sands
|
0-0: Fly out, F8 (Flyball, 8LD, EV 93.8 MPH)
|
Batting: RHB Edwin Nunez
|
0-0: Ball 1-0: Called Strike 1-1: Foul Ball, location: 2F 1-2: Foul Ball, location: 2F 1-2: Foul Ball, location: 2F 1-2: Strikes out swinging
|
Batting: RHB Jack Stadner
|
0-0: Called Strike 0-1: Foul Ball, location: 2F 0-2: Strikes out swinging, 2-3 out at first.
|
Top of the 2nd over - 0 runs, 0 hits, 0 errors, 0 left on base; Oakland 0 - Houston 0 |
BOTTOM OF THE 2ND |
Houston Colt .45's batting - Pitching for Oakland Oaks : LHP Andre Bradley
|
Batting: LHB Gong Tow
|
0-0: Ball 1-0: Ball 2-0: Ball 3-0: Base on Balls
|
Batting: RHB Doug Dark
|
0-0: Called Strike Gong Tow is caught stealing 2nd base 2-4 0-1: Fly out, F7 (Flyball, 7LM, EV 82.5 MPH)
|
Batting: RHB Daniel Gladkowski
|
0-0: Ball 1-0: Ball 2-0: Called Strike 2-1: Ball 3-1: SINGLE (Flyball, 78S, EV 85.6 MPH)
|
Batting: LHB Casper Significant
|
0-0: Called Strike 0-1: Swinging Strike 0-2: Ball 1-2: SINGLE (Flyball, 6MD, EV 90.6 MPH) Daniel Gladkowski to second
|
Batting: RHB Jay Hussey
|
0-0: Ball 1-0: Fly out, F9 (Flyball, 89M, EV 94.4 MPH)
|
Bottom of the 2nd over - 0 runs, 2 hits, 0 errors, 2 left on base; Oakland 0 - Houston 0 |
TOP OF THE 3RD |
Oakland Oaks batting - Pitching for Houston Colt .45's : RHP Kurt Carr
|
Batting: RHB Matt Nehman
|
0-0: Called Strike 0-1: Foul Ball, location: 2F 0-2: Fly out, F7 (Flyball, 7S, EV 84.4 MPH)
|
Batting: LHB Bill Helmer
|
0-0: Called Strike 0-1: Ball 1-1: Called Strike 1-2: Ball 2-2: Strikes out swinging
|
Batting: SHB Steve McGee
|
0-0: Fly out, F9 (Flyball, 9LS, EV 85.0 MPH)
|
Top of the 3rd over - 0 runs, 0 hits, 0 errors, 0 left on base; Oakland 0 - Houston 0 |
BOTTOM OF THE 3RD |
Houston Colt .45's batting - Pitching for Oakland Oaks : LHP Andre Bradley
|
Batting: LHB Pappy Sterile
|
0-0: Called Strike 0-1: Fly out, F8 (Flyball, 8LM, EV 93.1 MPH)
|
Batting: RHB Ralph Baltimore
|
0-0: Ground out 5-3 (Groundball, 25, EV 93.8 MPH)
|
Batting: RHB Jonathan Rausch
|
0-0: SOLO HOME RUN (Flyball, 9D, EV 99.4 MPH), Distance : 382 ft
|
Batting: LHB Vecdi Hodensack
|
0-0: Ball 1-0: Ground out 4-3 (Groundball, 4, EV 86.9 MPH)
|
Bottom of the 3rd over - 1 run, 1 hit, 0 errors, 0 left on base; Oakland 0 - Houston 1 |
TOP OF THE 4TH |
Oakland Oaks batting - Pitching for Houston Colt .45's : RHP Kurt Carr
|
Batting: LHB Justin LeFlore
|
0-0: Called Strike 0-1: Called Strike 0-2: Ball 1-2: Ground out 4-3 (Groundball, 4, EV 102.5 MPH)
|
Batting: SHB Chris King
|
0-0: Ball 1-0: Called Strike 1-1: DOUBLE (Line Drive, 5D, EV 95.0 MPH)
|
Batting: RHB Moises Guzman
|
0-0: Called Strike 0-1: Foul Ball, location: 2F 0-2: Ball 1-2: Strikes out swinging
|
Batting: RHB Kasey Sands
|
0-0: Called Strike 0-1: Called Strike 0-2: Hit by Pitch
|
Batting: RHB Edwin Nunez
|
0-0: Ball 1-0: Ball 2-0: Fielders Choice at 2nd, 6-4 (Groundball, 6, EV 102.5 MPH)
|
Top of the 4th over - 0 runs, 1 hit, 0 errors, 2 left on base; Oakland 0 - Houston 1 |
BOTTOM OF THE 4TH |
Houston Colt .45's batting - Pitching for Oakland Oaks : LHP Andre Bradley
|
Batting: LHB Gong Tow
|
0-0: Ball 1-0: Ball 2-0: Swinging Strike 2-1: Called Strike 2-2: Ball 3-2: SINGLE (Groundball, 4MD, EV 100.6 MPH)
|
Batting: RHB Doug Dark
|
0-0: Ball 1-0: Grounds out, U3 (Groundball, 3L, EV 87.5 MPH)
|
Batting: RHB Daniel Gladkowski
|
0-0: Called Strike 0-1: Ball 1-1: Called Strike 1-2: Reached on error, E6 (Groundball, 6, EV 91.2 MPH) Gong Tow scores
|
Batting: LHB Casper Significant
|
0-0: Fly out, F8 (Flyball, 89XD, EV 90.0 MPH) Runner from 2nd tags up, SAFE at 3rd, no throw by CF
|
Batting: RHB Jay Hussey
|
0-0: Called Strike 0-1: Ball 1-1: Ball 2-1: Foul Ball, location: 2F 2-2: Foul Ball, location: 2F 2-2: Ball 3-2: Base on Balls
|
Batting: LHB Pappy Sterile
|
0-0: Ball 1-0: Called Strike 1-1: Foul Ball, location: 2F 1-2: Strikes out swinging
|
Bottom of the 4th over - 1 run, 1 hit, 1 error, 2 left on base; Oakland 0 - Houston 2 |
TOP OF THE 5TH |
Oakland Oaks batting - Pitching for Houston Colt .45's : RHP Kurt Carr
|
Batting: RHB Jack Stadner
|
0-0: Fly out, F5 (Popup, 25F, EV 80.0 MPH)
|
Batting: RHB Matt Nehman
|
0-0: Called Strike 0-1: Foul Ball, location: 2F 0-2: Fly out, F9 (Line Drive, 89D, EV 97.5 MPH)
|
Batting: LHB Bill Helmer
|
0-0: Ball 1-0: Ball 2-0: Foul Ball, location: 2F 2-1: Ground out 1-3 (Groundball, 25, EV 69.4 MPH)
|
Top of the 5th over - 0 runs, 0 hits, 0 errors, 0 left on base; Oakland 0 - Houston 2 |
BOTTOM OF THE 5TH |
Houston Colt .45's batting - Pitching for Oakland Oaks : LHP Andre Bradley
|
Batting: RHB Ralph Baltimore
|
0-0: Ball 1-0: Ball 2-0: Foul Ball, location: 2F 2-1: Ground out U3 (Groundball, 3, EV 96.9 MPH)
|
Batting: RHB Jonathan Rausch
|
0-0: Foul Ball, location: 2F 0-1: Ball 1-1: Ball 2-1: Foul Ball, location: 2F 2-2: Strikes out looking
|
Batting: LHB Vecdi Hodensack
|
0-0: Called Strike 0-1: Ball 1-1: Ground out U3 (Groundball, 34, EV 105.6 MPH)
|
Bottom of the 5th over - 0 runs, 0 hits, 0 errors, 0 left on base; Oakland 0 - Houston 2 |
TOP OF THE 6TH |
Oakland Oaks batting - Pitching for Houston Colt .45's : RHP Kurt Carr
|
Batting: SHB Steve McGee
|
0-0: Ground out 4-3 (Groundball, 4M, EV 80.0 MPH)
|
Batting: LHB Justin LeFlore
|
0-0: Ball 1-0: SINGLE (Line Drive, 4D, EV 96.9 MPH)
|
Batting: SHB Chris King
|
0-0: Ball 1-0: Ball 2-0: Foul Ball, location: 2F 2-1: Called Strike 2-2: Strikes out swinging
|
Batting: RHB Moises Guzman
|
0-0: Ball 1-0: Ball 2-0: Ball 3-0: Base on Balls Justin LeFlore to second
|
Batting: RHB Kasey Sands
|
0-0: Ball 1-0: Fielders Choice at 2nd, 6-4 (Groundball, 6, EV 107.5 MPH)
|
Top of the 6th over - 0 runs, 1 hit, 0 errors, 2 left on base; Oakland 0 - Houston 2 |
BOTTOM OF THE 6TH |
Houston Colt .45's batting - Pitching for Oakland Oaks : LHP Andre Bradley
|
Batting: LHB Gong Tow
|
0-0: Called Strike 0-1: Ball 1-1: Ball 2-1: Foul Ball, location: 2F 2-2: Foul Ball, location: 2F 2-2: SINGLE (Flyball, 78M, EV 86.9 MPH)
|
Batting: RHB Doug Dark
|
0-0: Called Strike 0-1: Ball 1-1: Grounds into double play, 6-4-3 (Groundball, 6, EV 87.5 MPH)
|
Batting: RHB Daniel Gladkowski
|
0-0: Ball 1-0: Foul Ball, location: 2F 1-1: Called Strike 1-2: Foul Ball, location: 2F 1-2: Strikes out looking
|
Bottom of the 6th over - 0 runs, 1 hit, 0 errors, 0 left on base; Oakland 0 - Houston 2 |
TOP OF THE 7TH |
Oakland Oaks batting - Pitching for Houston Colt .45's : RHP Kurt Carr
|
Batting: RHB Edwin Nunez
|
0-0: Ball 1-0: Ball 2-0: Foul Ball, location: 2F 2-1: Called Strike 2-2: Foul Ball, location: 2F 2-2: Strikes out looking
|
Pitching: LHP Jared Simmers
|
|
Batting: RHB Jack Stadner
|
0-0: Ground out 2-3 (Groundball, 2L, EV 71.2 MPH)
|
Batting: RHB Matt Nehman
|
0-0: Ball 1-0: Fly out, F9 (Flyball, 9, EV 95.0 MPH)
|
Top of the 7th over - 0 runs, 0 hits, 0 errors, 0 left on base; Oakland 0 - Houston 2 |
BOTTOM OF THE 7TH |
Houston Colt .45's batting - Pitching for Oakland Oaks : LHP Andre Bradley
|
Batting: LHB Casper Significant
|
0-0: Foul Ball, location: 2F 0-1: Fly out, F7 (Flyball, 78XD, EV 92.5 MPH)
|
Batting: RHB Jay Hussey
|
0-0: Called Strike 0-1: Ball 1-1: SOLO HOME RUN (Flyball, 8RXD, EV 110.0 MPH), Distance : 458 ft
|
Batting: LHB Pappy Sterile
|
0-0: Ball 1-0: Ball 2-0: Foul Ball, location: 2F 2-1: Fly out, F7 (Flyball, 7, EV 90.6 MPH)
|
Batting: RHB Ralph Baltimore
|
0-0: Ball 1-0: DOUBLE (Line Drive, 7LM, EV 101.9 MPH)
|
Batting: RHB Jonathan Rausch
|
0-0: Ground out 6-3 (Groundball, 6, EV 85.6 MPH)
|
Bottom of the 7th over - 1 run, 2 hits, 0 errors, 1 left on base; Oakland 0 - Houston 3 |
TOP OF THE 8TH |
Oakland Oaks batting - Pitching for Houston Colt .45's : LHP Jared Simmers
|
Batting: LHB Bill Helmer
|
0-0: Called Strike 0-1: Ball 1-1: Swinging Strike 1-2: Ground out 6-3 (Groundball, 6M, EV 85.6 MPH)
|
Batting: SHB Steve McGee
|
0-0: Foul Ball, location: 2F 0-1: Called Strike 0-2: Fly out, F9 (Flyball, 9D, EV 95.0 MPH)
|
Batting: LHB Justin LeFlore
|
0-0: Ball 1-0: SINGLE (Groundball, 6, EV 96.9 MPH)
|
Batting: SHB Chris King
|
0-0: Ball 1-0: Foul Ball, location: 2F 1-1: Foul Ball, location: 2F 1-2: Ball 2-2: Ball 3-2: SINGLE (Flyball, 78S, EV 85.6 MPH) Justin LeFlore to second Justin LeFlore to third
|
Batting: RHB Moises Guzman
|
0-0: Ball 1-0: Called Strike 1-1: Called Strike 1-2: SINGLE (Line Drive, 6MD, EV 110.0 MPH) Justin LeFlore scores Chris King to second
|
Pitching: RHP Sam Williams
|
|
Batting: RHB Kasey Sands
|
0-0: Ball 1-0: Ball 2-0: Called Strike 2-1: Ball 3-1: Ground out 1-3 (Groundball, 13, EV 62.5 MPH)
|
Top of the 8th over - 1 run, 3 hits, 0 errors, 2 left on base; Oakland 1 - Houston 3 |
BOTTOM OF THE 8TH |
Houston Colt .45's batting - Pitching for Oakland Oaks : LHP Andre Bradley
|
Batting: LHB Vecdi Hodensack
|
0-0: Swinging Strike 0-1: Swinging Strike 0-2: Fly out, F2 (Popup, 5SF, EV 85.6 MPH)
|
Batting: LHB Gong Tow
|
0-0: Ball 1-0: Called Strike 1-1: Ball 2-1: Foul Ball, location: 2F 2-2: Ball 3-2: Foul Ball, location: 2F 3-2: Strikes out looking
|
Pinch Hitting: RHB Edward Chan
|
0-0: Ball 1-0: Ball 2-0: Ball 3-0: Called Strike 3-1: Base on Balls
|
Batting: RHB Daniel Gladkowski
|
0-0: Called Strike 0-1: Ball 1-1: Ball 2-1: Ball 3-1: Foul Ball, location: 2F 3-2: Base on Balls Edward Chan to second
|
Pitching: RHP Brenden Niziolek
|
|
Batting: LHB Casper Significant
|
0-0: Ball 1-0: Called Strike 1-1: Swinging Strike 1-2: Foul Ball, location: 2F 1-2: Strikes out swinging
|
Bottom of the 8th over - 0 runs, 0 hits, 0 errors, 2 left on base; Oakland 1 - Houston 3 |
TOP OF THE 9TH |
Oakland Oaks batting - Pitching for Houston Colt .45's : RHP Sam Williams
|
Now at 1B: Devon Healy
|
|
Pinch Hitting: LHB Justin Conley
|
0-0: Ball 1-0: Foul Ball, location: 2F 1-1: Foul Ball, location: 2F 1-2: Foul Ball, location: 2F 1-2: Ball 2-2: Foul Ball, location: 2F 2-2: Ball 3-2: Foul Ball, location: 2F 3-2: Ground out 6-3 (Groundball, 4, EV 97.5 MPH)
|
Pinch Hitting: LHB Brian Canny
|
0-0: Ball 1-0: Foul Ball, location: 2F 1-1: Called Strike 1-2: Strikes out swinging
|
Pinch Hitting: LHB Chris Davidson
|
0-0: Ball 1-0: Ball 2-0: Fly out, F7 (Flyball, 7D, EV 103.1 MPH)
|
Top of the 9th over - 0 runs, 0 hits, 0 errors, 0 left on base; Oakland 1 - Houston 3 |
|